 Dungeon Crawl Stone Soup version 0.30-a0-772-g5528072125 (webtiles) character file.

Game seed: 10791608296817567676

70 ParallaxScroll the Chopper (level 4, 0/28 HPs)
             Began as a Gargoyle Fighter on Feb 13, 2023.
             Slain by an orc
             ... wielding a +0 hand axe
              (6 damage)
             ... on level 3 of the Dungeon.
             The game lasted 00:09:48 (1757 turns).

ParallaxScroll the Chopper (Gargoyle Fighter)       Turns: 1757, Time: 00:09:49

Health: 0/28       AC: 10    Str: 22    XL:     4   Next: 21%
Magic:  4/4        EV:  9    Int:  8    God:
Gold:   120        SH:  4    Dex:  9    Spells: 3/3 levels left

rFire   . . .      SeeInvis .    a - +0 war axe
rCold   . . .      Faith    .    c - +0 buckler
rNeg    + . .      Spirit   .    l - +0 scale mail
rPois   ∞          Reflect  .    (no helmet)
rElec   +          Harm     .    (no cloak)
rCorr   .          Rampage  .    (no gloves)
Will    .....                    (no boots) Stlth
                                 (no amulet)
HPRegen 0.24/turn                (no ring)
MPRegen 0.09/turn                (no ring)

@: no status effects
A: sickness immunity, AC +3, negative energy resistance 1, electricity
resistance, torment resistance 1, petrification resistance
a: no special abilities


You were on level 3 of the Dungeon.
You visited 1 branch of the dungeon, and saw 3 of its levels.

You collected 120 gold pieces.

Inventory:

Hand Weapons
 a - a +0 war axe (weapon)
 b - a +0 sling
 q - a +0 short sword of flaming
Missiles
 e - 33 stones (quivered)
 g - 10 boomerangs
Armour
 c - a +0 buckler (worn)
 l - a +0 scale mail (worn)
Magical Staves
 h - a staff of cold
Wands
 r - a wand of roots (8)
Scrolls
 f - a scroll of vulnerability {unknown}
 i - a scroll of poison {unknown}
 k - 2 scrolls of magic mapping
 p - a scroll of identify {unknown}
Potions
 d - a potion of might
 j - a potion of heal wounds {unknown}
 m - 2 potions of invisibility {unknown}
 n - a potion of mutation {unknown}
 o - a potion of attraction {unknown}


   Skills:
 - Level 3.2 Fighting
 + Level 3.9 Axes
 + Level 0.0 Ranged Weapons
 - Level 3.2 Armour
 - Level 3.2 Shields
 + Level 0.3 Evocations


You had 3 spell levels left.
You didn't know any spells.
Your spell library contained the following spells:

 Spells                   Type           Power      Damage    Failure   Level
 Apportation              Tloc           0%         N/A       83%         1
 Alistair's Intoxication  Tmut/Pois      0%         N/A       100%        5


Dungeon Overview and Level Annotations

Branches:
Dungeon (3/15)

Altars:

Shops:
D:3 (


Innate Abilities, Weirdness & Mutations

You are immune to sickness and miasma.
Your stone body is resilient. (AC +3)
You are immune to poison.
You resist negative energy. (rN+)
You are resistant to electric shocks. (rElec)
You are resistant to unholy torment.
You are immune to petrification.


Message History

b - a +0 sling (weapon)
An orc comes into view. It is wielding a +0 whip.
An orc comes into view. It is wielding a +0 dagger of venom.
The orc shouts!
An orc priest comes into view. It is wielding a +0 club.
The orc priest shouts!
a - a +0 war axe (weapon)
You closely miss the orc. You block the orc's attack.
You closely miss the orc. You hit the orc. You block the orc's attack.
The orc misses you. The orc completely misses you. The orc barely misses you.
You barely miss the orc. You closely miss the orc.
The orc hits you but does no damage. The orc misses you.
You closely miss the orc.
The orc is heavily wounded.
You hit the orc.
The orc priest invokes the aid of Beogh against you.
Beogh smites you! The orc hits you but does no damage.
The orc hits you with a +0 hand axe.
You hit the orc.
You kill the orc!
You barely miss the orc. The orc hits you but does no damage.
The orc completely misses you.
You hit the orc but do no damage. You completely miss the orc.
The orc priest mumbles some strange prayers to Beogh against you.
Beogh smites you!
* * * LOW HITPOINT WARNING * * *
The orc hits you but does no damage.
You closely miss the orc. x2; You block the orc's attack.
You hit the orc.
The orc is severely wounded.
You closely miss the orc. The orc hits you but does no damage.
The orc barely misses you.
You hit the orc.
The orc is almost dead.
You barely miss the orc. The orc hits you but does no damage. x2
You hit the orc but do no damage.
The orc is almost dead.
You closely miss the orc. You block the orc's attack.
The orc hits you with a +0 hand axe.
You die...

#.# ##...## #.#
#.....# #.# #.....#
#.# #.....## ##.##
#...#.##
#...#########.#...####
....................$+
#...#########.#...####
#..## #...o@## #.##
#..##o# #.# #..##o#
#.# #....o# #.#
#.##..# #.# #. #..#
#.# #..# #.# .... #.#


You could see an orc priest and 3 orcs.

Vanquished Creatures
  An adder (D:3)
  An orc (D:3)
  6 ball pythons
  3 bats (D:1)
  4 endoplasms
  2 giant cockroaches (D:1)
  6 goblins
  7 hobgoblins
  3 jackals (D:1)
  3 quokkas
  7 frilled lizards
  8 kobolds
  5 rats
56 creatures vanquished.

Notes
Turn   | Place    | Note
-------+----------+-------------------------------------------
     0 | D:1      | ParallaxScroll the Gargoyle Fighter began the quest for the
                  | Orb.
     0 | D:1      | Reached XP level 1. HP: 14/14 MP: 1/1
   182 | D:1      | Reached XP level 2. HP: 19/19 MP: 2/2
   506 | D:1      | Reached XP level 3. HP: 23/23 MP: 3/3
  1367 | D:2      | Reached XP level 4. HP: 24/28 MP: 4/4
  1666 | D:3      | Found Plog's Weapon Emporium.
  1757 | D:3      | Slain by an orc

Illustrated notes

Levels and vault maps discovered:
D:1:      kennysheep_arrival_seaside, layout_basic, minmay_misc_feat_chi,
          glass_columns_a, minmay_tetromino_o4
D:2:      layout_basic, hex_medium
D:3:      layout_loops_corners, ebering_ghost_sewer_d, serial_shops, shop,
          nicolae_shop_waterfront, nicolae_lakefront_shop

Skill      XL: |  1  2 |
---------------+-------+-----
Axes           | 2 3 |  3.9
Fighting       | |  3.2
Armour         | |  3.2
Shields        | |  3.2
Evocations     | |  0.3

Action                     |  1- 3 |  4- 6 || total
---------------------------+-------+-------++-------
  Melee: War axe           |   121 |    14 ||   135
   Fire: Sling             |    32 |     5 ||    37
    Use: Scroll            |     1 |       ||     1
 Armour: Scale mail        |    61 |    11 ||    72
  Dodge: Dodged            |    50 |     8 ||    58
  Block: Buckler           |    20 |     4 ||    24

Table legend: (Time is in decaauts)
 A = Elapsed time spent in this place.
 B = Non-inter-level travel time spent in this place.
 C = Inter-level travel time spent in this place.
 D = Time resting spent in this place.
 E = Time spent auto-exploring this place.
 F = Levels seen in this place.
 G = Mean time per level.
                   A        B        C        D        E       F      G
               +--------+--------+--------+--------+--------+-----+--------+
         Total |   1817 |   1758 |     59 |    106 |   1227 |   3 |  605.7 |
       Dungeon |   1817 |   1758 |     59 |    106 |   1227 |   3 |  605.7 |
               +--------+--------+--------+--------+--------+-----+--------+

Top non-repeatable levels by time:
     D:1: 974 daAuts
     D:2: 629 daAuts
     D:3: 212 daAuts
